 Dungeon Crawl Stone Soup version 0.27-a0-1555-g0e7b3fb1d2 (webtiles) character file.

Game seed: 13774410330272095957

12005 zazu2006 the Covert (level 11, -3/96 HPs)
             Began as a Naga Hedge Wizard on July 14, 2021.
             Was a High Priest of Okawaru.
             Slain by an eight-headed hydra (7 damage)
             ... on level 11 of the Dungeon.
             The game lasted 00:39:12 (15904 turns).

zazu2006 the Covert (Naga Hedge Wizard)            Turns: 15904, Time: 00:39:13

Health: -3/96      AC: 11    Str: 14    XL:     11   Next: 86%
Magic:  4/24       EV: 11    Int: 16    God:    Okawaru [*****.]
Gold:   469        SH:  0    Dex: 11    Spells: 19/28 levels left

rFire    . . .     SeeInvis +   t - +4 scimitar (flame)
rCold    . . .     Faith    .   (no shield)
rNeg     . . .     Spirit   .   B - +0 steam dragon scales
rPois    +         Reflect  .   g - +2 helmet
rElec    .         Harm     .   f - +1 cloak {rPois}
rCorr    .         Rampage  .   (no gloves)
Will     +....                  (no barding)
Stlth    ++++......             (no amulet)
HPRegen  0.26/turn              (no ring)
MPRegen  0.19/turn              (no ring)

@: very slow
A: AC +3, large, see invisible, deformed body, poison resistance, slowness 2,
spit poison 1, naga tail 1
a: Spit Poison, Renounce Religion, Heroism, Finesse


You were on level 11 of the Dungeon.
You worshipped Okawaru.
Okawaru was extremely pleased with you.
You visited 2 branches of the dungeon, and saw 12 of its levels.

You collected 483 gold pieces.
You spent 14 gold pieces at shops.

Inventory:

Hand Weapons
 b - a +1 dagger of freezing
 t - a +4 scimitar of flaming (weapon)
 A - a +0 scimitar
Missiles
 q - 3 atropa-tipped darts
 v - 4 curare-tipped darts
Armour
 d - a +2 robe of cold resistance
 f - a +1 cloak of poison resistance (worn)
 g - a +2 helmet (worn)
 B - +0 steam dragon scales (worn)
 C - a +2 ring mail of fire resistance
Jewellery
 c - an amulet of magic regeneration
 w - a +4 ring of evasion
 F - a ring of resist corrosion
 H - a ring of fire
Wands
 o - a wand of flame (11)
 s - a wand of digging (6)
 x - a wand of charming (6)
 E - a wand of acid (5)
Scrolls
 h - a scroll of enchant armour
 i - 5 scrolls of teleportation
 j - 4 scrolls of immolation
 k - a scroll of noise
 n - a scroll of enchant weapon
 u - a scroll of holy word
 y - a scroll of fear
Potions
 a - a potion of mutation
 e - a potion of magic
 l - a potion of invisibility
 m - 2 potions of brilliance
 p - a potion of resistance
 r - a potion of ambrosia
 z - 2 potions of lignification
 G - a potion of heal wounds


   Skills:
 + Level 5.3 Fighting
 + Level 6.9 Long Blades
 + Level 2.5 Armour
 + Level 5.0 Dodging
 + Level 10.1 Stealth
 + Level 9.0 Spellcasting
 + Level 7.5 Conjurations
 + Level 1.0 Summonings
 + Level 2.8 Translocations
 + Level 0.6 Fire Magic
 + Level 3.5 Air Magic
 + Level 5.2 Poison Magic
 + Level 1.3 Evocations


You had 19 spell levels left.
You knew the following spells:

 Your Spells              Type           Power      Damage    Failure   Level
a - Magic Dart            Conj           100%       1d8       1%          1
b - Mephitic Cloud        Conj/Pois/Air  24%        N/A       3%          3
c - Conjure Flame         Conj/Fire      20%        6-21      5%          3
d - Blink                 Tloc           N/A        N/A       4%          2

Your spell library contained the following spells:

 Spells                   Type           Power      Damage    Failure   Level
 Foxfire                  Conj/Fire      80%        2x1d8     1%          1
 Poisonous Vapours        Pois/Air       42%        N/A       2%          2
 Dazzling Flash           Conj/Hex       38%        N/A       6%          3
 Freeze                   Ice            28%        1d5       10%         1
 Call Imp                 Summ           10%        N/A       10%         2
 Iskenderun's Mystic Bla  Conj/Tloc      23%        2d6       12%         4
 Slow                     Hex            7%         N/A       16%         2
 Hailstorm                Conj/Ice       19%        3d6       22%         4
 Inner Flame              Hex/Fire       8%         N/A       26%         3
 Frozen Ramparts          Ice            14%        1d3       30%         3
 Passage of Golubria      Tloc           N/A        N/A       32%         4
 Summon Lightning Spire   Summ/Air       14%        N/A       36%         4
 Freezing Cloud           Conj/Ice/Air   9%         6-21      52%         5
 Animate Armour           Summ/Erth      16%        N/A       63%         4
 Silence                  Hex/Air        6%         N/A       80%         5
 Blade Hands              Tmut           3%         N/A       95%         5
 Starburst                Conj/Fire      10%        8x6d5     96%         6
 Iron Shot                Conj/Erth      9%         9d3       97%         6
 Storm Form               Tmut/Air       6%         N/A       100%        7
 Lehudib's Crystal Spear  Conj/Erth      9%         10d4      100%        8
 Maxwell's Capacitive Co  Air            9%         ∞         100%        8


Dungeon Overview and Level Annotations

Branches:
Dungeon (11/15)            Temple (1/1) D:6             Orc (0/2) D:9
   Lair: D:8-11

Altars:
Ashenzari
Cheibriados
Dithmenos
Elyvilon
Fedhas
Gozag
Hepliaklqana
Kikubaaqudgha
Makhleb
Nemelex Xobeh
Okawaru
Qazlal
Ru
Sif Muna
Trog
Uskayaw
Vehumet
Wu Jian
Xom
Yredelemnul
Zin
The Shining One

Shops:
D:2 *   D:6 ?   D:8 (

Portals:
Ice
Cave: D:11

Annotations:
D:6 3 runed translucent doors, SirDiesAlot's ghost, novice DECj


Innate Abilities, Weirdness & Mutations

Your serpentine skin is tough. (AC +3)
You have supernaturally acute eyesight. (SInv)
Armour fits poorly on your strangely shaped body.
Your system is resistant to poisons. (rPois)
You cover ground very slowly.
You can spit poison.
You have a snake-like lower body.


Message History

The boulder beetle stops rolling and uncurls.
Found a falchion.
Casting: Blink (safe; 4% risk of failure)
Confirm with . or Enter, or press ? or * to list all spells.
You blink.
The boulder beetle bites you but does no damage.
Casting: Blink (safe; 4% risk of failure)
Confirm with . or Enter, or press ? or * to list all spells.
You blink.
Unknown command.
Casting: Blink (safe; 4% risk of failure)
Confirm with . or Enter, or press ? or * to list all spells.
Aiming: Mephitic Cloud (mildly dangerous; 3% risk of failure)
Press: ? - help, Shift-Dir - straight line, p - boulder beetle The ball explodes into a vile cloud!
The stinking cloud engulfs the boulder beetle but does no damage.
Unknown command.
Unknown command.
You now have 469 gold pieces (gained 9).
Casting: Mephitic Cloud (mildly dangerous; 3% risk of failure)
Confirm with . or Enter, or press ? or * to list all spells.
Aiming: Mephitic Cloud (mildly dangerous; 3% risk of failure)
Press: ? - help, Shift-Dir - straight line, f - boulder beetle
Aim: a boulder beetle (lightly wounded, not susceptible)
The ball explodes into a vile cloud!
The stinking cloud engulfs the boulder beetle but does no damage.
The boulder beetle is lightly wounded.
You hear a roar!
The boulder beetle is engulfed in noxious fumes.
Unknown command.
Casting: Mephitic Cloud (mildly dangerous; 3% risk of failure)
Confirm with . or Enter, or press ? or * to list all spells.
You blink.
The boulder beetle is engulfed in noxious fumes.
Unknown command.
The boulder beetle leaps!
The eight-headed hydra closely misses you.
The eight-headed hydra bites you but does no damage.
The eight-headed hydra bites you!
You die...

.# #...#.# #....#...
##### #.....# .....#...
....# #.....#+###
#.....#... ....## ..
#..#......# #..#
##..##....#).....##.####
#..#
#..##....#B.°....#....
#...
#..##....'.....#....##.
#...
#..##....#....#.#.....)#
#...
#..##....#..D#D@.#.....#
#.## #..##...
#.#..#.#......# #
#.?##... #.#..○#..#####.
####### #...§....#
######...... ..>... #
......# ####..# ##.


You could see a boulder beetle and an eight-headed hydra.

Vanquished Creatures
  A hydra (D:9)
  Erica (D:8)
  A centaur warrior (D:11)
  4 two-headed ogres
  Pikel (D:6)
  An ugly thing (D:11)
  Joseph (D:8)
  An unseen horror (D:10)
  Prince Ribbit (D:8)
  Sigmund (D:3)
  8 yaks
  2 steam dragons
  Menkaure (D:5)
  A vampire mosquito (D:7)
  Edmund (D:6)
  3 water moccasins
  Duvessa (D:5)
  A black bear (D:6)
  3 orc warriors
  An ice beast (D:7)
  2 sky beasts (D:6)
  2 necrophages
  6 centaurs
  3 ogres (D:5)
  3 lemures (D:6)
  A kobold brigand (D:7)
  A bullfrog (D:7)
  3 scorpions
  Dowan (D:5)
  4 killer bees (D:9)
  4 howler monkeys
  A bullfrog zombie (D:6)
  2 centaur zombies
  11 hounds
  3 orc priests
  Crazy Yiuf (D:5)
  2 centaur skeletons
  A jelly (D:6)
  4 bullfrog skeletons
  9 orc wizards
  Natasha (D:2)
  2 iguanas
  A hound skeleton (D:2)
  Robin (D:2)
  A howler monkey skeleton (D:7)
  6 adders
  3 shadow imps
  An ufetubus (D:4)
  2 worms
  4 dart slugs
  27 orcs
  4 bats
  6 endoplasms
  2 giant cockroaches
  13 goblins
  7 hobgoblins
  5 jackals
  8 kobolds
  3 quokkas (D:4)
  9 ball pythons
  3 frilled lizards
  A jackal skeleton (D:4)
  7 rats
216 creatures vanquished.

Vanquished Creatures (collateral kills)
  A vampire mosquito (D:7)
  A killer bee (D:9)
2 creatures vanquished.

Vanquished Creatures (others)
  5 plants (D:11)
5 creatures vanquished.

Grand Total: 223 creatures vanquished

Notes
Turn   | Place    | Note
-------+----------+-------------------------------------------
     0 | D:1      | zazu2006 the Naga Hedge Wizard began the quest for the Orb.
     0 | D:1      | Reached XP level 1. HP: 15/15 MP: 4/4
   336 | D:1      | Reached XP level 2. HP: 22/22 MP: 3/6
  1069 | D:1      | You fall into a shaft and drop 1 floor!
  1387 | D:2      | Noticed Robin
  1388 | D:2      | Reached XP level 3. HP: 28/28 MP: 2/8
  1523 | D:2      | Killed Robin
  1830 | D:2      | Reached XP level 4. HP: 35/36 MP: 0/10
  1834 | D:2      | Learned a level 3 spell: Mephitic Cloud
  1838 | D:2      | Learned a level 3 spell: Conjure Flame
  1841 | D:2      | Learned a level 2 spell: Blink
  1927 | D:2      | Found Vidid's Assorted Antiques.
  2636 | D:3      | Noticed Natasha
  2650 | D:2      | Killed Natasha
  3151 | D:3      | Found a faded altar of an unknown god.
  3179 | D:3      | Reached XP level 5. HP: 43/43 MP: 2/11
  3365 | D:3      | Reached skill level 1 in Fighting
  3773 | D:3      | Noticed Sigmund
  3801 | D:3      | Killed Sigmund
  3802 | D:3      | Reached skill level 4 in Stealth
  3802 | D:3      | Reached skill level 5 in Spellcasting
  3802 | D:3      | Reached XP level 6. HP: 21/51 MP: 10/13
  4854 | D:4      | Found a glowing silver altar of Zin.
  4855 | D:4      | Found a snail-covered altar of Cheibriados.
  4855 | D:4      | Found a radiant altar of Vehumet.
  4856 | D:4      | Found a shimmering altar of Xom.
  5006 | D:4      | Noticed a necrophage
  5023 | D:4      | Reached skill level 1 in Poison Magic
  5470 | D:4      | Killed a necrophage
  5471 | D:4      | Reached XP level 7. HP: 26/57 MP: 1/14
  5842 | D:4      | Reached skill level 1 in Armour
  5842 | D:4      | Reached skill level 5 in Stealth
  6411 | D:5      | Entered Level 5 of the Dungeon
  6411 | D:5      | Noticed Duvessa
  6411 | D:5      | Noticed Dowan
  6619 | D:5      | Reached XP level 8. HP: 39/67 MP: 5/16
  7651 | D:5      | Reached skill level 5 in Conjurations
  7651 | D:5      | Reached skill level 1 in Air Magic
  7977 | D:5      | Noticed Menkaure
  7991 | D:5      | Killed Menkaure
  8156 | D:5      | Killed Duvessa
  8280 | D:5      | Killed Dowan
  8393 | D:5      | Reached XP level 9. HP: 74/74 MP: 14/18
  8651 | D:5      | Found a runed translucent door.
  8652 | D:5      | Noticed Crazy Yiuf
  8689 | D:5      | Killed Crazy Yiuf
  8860 | D:6      | Reached skill level 6 in Stealth
  8940 | D:6      | Found a runed translucent gate.
  8942 | D:6      | Found a runed translucent gate.
  8942 | D:6      | Found a runed translucent gate.
  8946 | D:6      | Noticed Edmund
  9077 | D:6      | Killed Edmund
  9216 | D:6      | Reached skill level 7 in Stealth
  9218 | D:6      | Found a stormy altar of Qazlal.
  9268 | D:6      | Found a staircase to the Ecumenical Temple.
  9298 | Temple   | Entered the Ecumenical Temple
  9868 | D:6      | Noticed SirDiesAlot's ghost (novice DECj)
  9981 | D:6      | Found Gokacs's Magic Scroll Emporium.
  9990 | D:6      | Bought a scroll of noise for 14 gold pieces
 10003 | D:6      | Noticed Pikel
 10038 | D:6      | Killed Pikel
 10475 | D:7      | Found an ancient bone altar of Kikubaaqudgha.
 10721 | D:7      | Reached skill level 8 in Stealth
 10966 | D:7      | Reached skill level 1 in Long Blades
 10966 | D:7      | Reached XP level 10. HP: 82/84 MP: 19/21
 11387 | D:8      | Found Bioblid's Antique Weapon Boutique.
 11511 | D:8      | Noticed a two-headed ogre
 11555 | D:8      | Killed a two-headed ogre
 11556 | D:8      | Reached skill level 1 in Evocations
 12145 | Temple   | Became a worshipper of Warmaster Okawaru
 12435 | D:8      | Noticed Prince Ribbit
 12437 | D:8      | Noticed Joseph
 12764 | D:8      | Killed Prince Ribbit
 12779 | D:8      | Killed Joseph
 12779 | D:8      | Reached * piety under Okawaru
 12796 | D:8      | Noticed Erica
 13024 | D:8      | Killed Erica
 13763 | D:9      | Found a staircase to the Orcish Mines.
 13820 | D:9      | Reached ** piety under Okawaru
 13833 | D:9      | Noticed a six-headed hydra
 13859 | D:9      | Reached XP level 11. HP: 79/93 MP: 15/23
 13995 | D:9      | Killed a four-headed hydra
 13996 | D:9      | Reached skill level 5 in Long Blades
 13996 | D:9      | Reached skill level 9 in Stealth
 14373 | D:9      | Noticed a two-headed ogre
 14382 | D:9      | Killed a two-headed ogre
 14382 | D:9      | Reached *** piety under Okawaru
 14598 | D:10     | Entered Level 10 of the Dungeon
 14617 | D:10     | Noticed a two-headed ogre
 14634 | D:10     | Killed a two-headed ogre
 14766 | D:10     | Reached **** piety under Okawaru
 14912 | D:10     | Reached skill level 5 in Fighting
 15415 | D:11     | Noticed a centaur warrior
 15438 | D:11     | Killed a centaur warrior
 15439 | D:11     | Reached skill level 5 in Poison Magic
 15481 | D:11     | Noticed a two-headed ogre
 15488 | D:11     | Found a frozen archway.
 15494 | D:11     | Killed a two-headed ogre
 15494 | D:11     | Reached ***** piety under Okawaru
 15495 | D:11     | Reached skill level 5 in Dodging
 15495 | D:11     | Reached skill level 10 in Stealth
 15502 | D:11     | Noticed a boulder beetle
 15617 | D:11     | Noticed a red ugly thing
 15629 | D:11     | Killed a red ugly thing
 15889 | D:11     | Noticed an eight-headed hydra
 15895 | D:11     | HP: 2/96 [boulder beetle (43)]
 15904 | D:11     | Slain by an eight-headed hydra

Illustrated notes

Levels and vault maps discovered:
D:1:      denvon_arrival_planthouse, layout_loops_ring,
          chequers_serial_rivers_room_a, st_stairs_6
D:2:      layout_loops_ring, serial_shops, shop, uniq_robin
D:3:      layout_basic, chequers_ecumenical_altar_island,
          hangedman_decor_lopped, uniq_natasha, uniq_sigmund
D:4:      minmay_razor_zed, layout_rooms,
          chequers_temple_overflow_statue_of_worship
D:5:      layout_cave_pools, st_stairs_5, uniq_crazy_yiuf_cottage, uniq_duvessa,
          uniq_menkaure
D:6:      layout_basic, kennysheep_mini_moat, minmay_temple_entry_trees,
          serial_shops, shop_fountains, gammafunk_ghost_icy, uniq_edmund,
          uniq_pikel
D:7:      layout_rooms, mainiacjoe_overflow_six_doors_small,
          hangedman_abyss_or_decor_jellyfish_corner
D:8:      layout_basic, serial_shops, nicolae_shop_waterfront,
          due_unseen_surprise, uniq_erica, uniq_prince_ribbit1, uniq_joseph
D:9:      layout_gridville, orc_0_dummy
D:10:     layout_basic, hex_large
D:11:     layout_stronghold, david_lair_shrubbed, gauntlet_entry_generic,
          portal_ice_cave_entry_pillars_2
Temple:   eino_temple_scatter_basement

Skill      XL: |  1  2  3  4  5  6  7  8  9 10 11 |
---------------+----------------------------------+-----
Spellcasting   | 4 5 6 7 8 9 |  9.0
Dodging        | 2 3 4 5 |  5.0
Conjurations   | 2 3 4 5 6 7 |  7.5
Fighting       | 1 2 3 4 5 |  5.3
Stealth        | 4 5 8 10 | 10.1
Poison Magic   | 1 2 3 4 5 |  5.2
Armour         | 1 2 |  2.5
Air Magic      | 1 2 3 |  3.5
Translocations | 2 |  2.8
Long Blades    | 1 4 6 |  6.9
Evocations     | 1 |  1.3
Summonings     | |  1.0
Fire Magic     | |  0.6

Action                   |  1- 3 |  4- 6 |  7- 9 | 10-12 || total
-------------------------+-------+-------+-------+-------++-------
Melee: Dagger            |    19 |    67 |   220 |     2 ||   308
       Long sword        |       |       |    33 |    26 ||    59
       Scimitar          |       |       |       |   142 ||   142
 Cast: Magic Dart        |    71 |   140 |   210 |   124 ||   545
       Mephitic Cloud    |       |     4 |    33 |    53 ||    90
       Blink             |       |     7 |    12 |     9 ||    28
       Conjure Flame     |       |       |     7 |     5 ||    12
 Abil: Spit Poison       |    11 |    18 |    23 |     8 ||    60
Evoke: Wand              |       |       |     8 |     7 ||    15
  Use: Potion            |     1 |     2 |     2 |     3 ||     8
       Scroll            |       |     2 |     2 |    12 ||    16
 Stab: Sleeping          |     1 |     2 |     4 |     6 ||    13
       Confused          |       |     4 |    16 |    18 ||    38
Armor: Robe              |     2 |    20 |    71 |    30 ||   123
       Skin              |    13 |     4 |       |       ||    17
       Leather armour    |       |    12 |    75 |       ||    87
       Steam dragon scal |       |       |       |    83 ||    83
Dodge: Dodged            |    18 |    60 |   218 |   125 ||   421
       Rpst.: Long sword |       |       |    13 |     4 ||    17
       Scimitar          |       |       |       |    19 ||    19

Table legend: (Time is in decaauts)
 A = Elapsed time spent in this place.
 B = Non-inter-level travel time spent in this place.
 C = Inter-level travel time spent in this place.
 D = Time resting spent in this place.
 E = Time spent auto-exploring this place.
 F = Levels seen in this place.
 G = Mean time per level.
                   A        B        C        D        E       F      G
               +--------+--------+--------+--------+--------+-----+--------+
         Total |  18791 |  17933 |    858 |   2362 |  11876 |  12 | 1565.9 |
       Dungeon |  18316 |  17519 |    797 |   2362 |  11603 |  11 | 1665.1 |
        Temple |    474 |    414 |     60 |      0 |    273 |   1 |  474.0 |
               +--------+--------+--------+--------+--------+-----+--------+

Top non-repeatable levels by time:
     D:4: 2870 daAuts
     D:8: 2226 daAuts
     D:2: 2157 daAuts
     D:3: 1912 daAuts
     D:5: 1820 daAuts
     D:6: 1557 daAuts
     D:1: 1502 daAuts
     D:9: 1400 daAuts
     D:7: 1219 daAuts
    D:10: 998 daAuts
    D:11: 652 daAuts
  Temple: 474 daAuts
